[ PARTIDA AOE2 · #460034780 ]
UnrankedTeutones vs Maya
[ ANÁLISIS DE REPETICIÓN · EXTRAÍDO DE LA PARTIDA GRABADA ]
Feudal
12:28
Castillos
33:25
Imperial
—
| APM promedio | 17.1 |
| APM pico | 51 |
| eAPM promedio | 11.9 |
| Aldeanos / militares | 109 / 50 |
Foco
⚔️ 18.3% · 🌾 81.7%
Teutonic Knight ×44 · Battering Ram ×6
Feudal
13:53
Castillos
24:07
Imperial
43:56
| APM promedio | 15.7 |
| APM pico | 41 |
| eAPM promedio | 6.9 |
| Aldeanos / militares | 48 / 62 |
Foco
⚔️ 40.4% · 🌾 59.6%
Eagle Scout ×29 · Archer ×19 · Plumed Archer ×9 · Trade Cart ×3 · Battering Ram ×3 · Trebuchet (Packed) ×2
Feudal
13:17
Castillos
27:01
Imperial
—
| APM promedio | 20.6 |
| APM pico | 47 |
| eAPM promedio | 10.6 |
| Aldeanos / militares | 63 / 23 |
Foco
⚔️ 28.1% · 🌾 71.9%
Unknown (1952) ×29 · Unknown (1949) ×21 · Unknown (1944) ×14 · Battering Ram ×13 · Archer ×10
Feudal
11:05
Castillos
34:34
Imperial
—
| APM promedio | 16.4 |
| APM pico | 33 |
| eAPM promedio | 8.8 |
| Aldeanos / militares | 34 / 57 |
Foco
⚔️ 39.9% · 🌾 60.1%
Serjeant ×21 · Spearman ×19 · Archer ×13 · Knight ×4 · Trade Cart ×4
Mapa de la partida
Recursos iniciales + cada clic de construcción. Líneas = muros · curvas = relieve. ◆ oro · ⬟ piedra · ● bayas · ✦ reliquia · ◌ hueco del cierre
Tu base· ✓ Cerrada en 33:25 · 211t muro · 1 puerta(s) · frágil
Base de Mooshall· ✓ Cerrada en 24:07 · 0t muro · frágil
Base de Cell-im· ✓ Cerrada en 27:01 · 99t muro · 1 puerta(s)
Base de Mlodov· Abierta — el rival se encerró
Terreno inicial suavizado · ◌ = hueco del cierre detectado · pasá el cursor para detalles
Inputs por minuto
— Sample - - Mooshall
Build order — Sample
Primeras 150 de 245 acciones detectadas
| 0:08 | Crear | Villager (Male) |
| 0:08 | Crear | Villager (Male) |
| 0:08 | Crear | Villager (Male) |
| 0:08 | Crear | Villager (Male) |
| 0:13 | Construir | House |
| 0:16 | Construir | House |
| 1:41 | Crear | Villager (Male) |
| 1:41 | Crear | Villager (Male) |
| 2:23 | Crear | Villager (Male) |
| 2:23 | Crear | Villager (Male) |
| 3:16 | Construir | Lumber Camp |
| 3:32 | Crear | Villager (Male) |
| 3:32 | Crear | Villager (Male) |
| 3:32 | Crear | Villager (Male) |
| 4:14 | Crear | Villager (Male) |
| 4:18 | Crear | Villager (Male) |
| 4:40 | Construir | House |
| 4:46 | Crear | Villager (Male) |
| 4:46 | Crear | Villager (Male) |
| 5:05 | Construir | House |
| 5:13 | Crear | Villager (Male) |
| 5:47 | Construir | Mill |
| 6:10 | Investigar | Loom |
| 6:11 | Crear | Villager (Male) |
| 6:27 | Crear | Villager (Male) |
| 6:28 | Crear | Villager (Male) |
| 7:36 | Crear | Villager (Male) |
| 7:59 | Crear | Villager (Male) |
| 8:23 | Crear | Villager (Male) |
| 8:52 | Crear | Villager (Male) |
| 9:04 | Construir | House |
| 9:06 | Construir | House |
| 9:07 | Construir | House |
| 9:39 | Crear | Villager (Male) |
| 9:40 | Crear | Villager (Male) |
| 10:16 | Investigar | Feudal Age |
| 10:53 | Construir | Palisade Wall |
| 11:03 | Construir | Palisade Wall |
| 11:13 | Construir | Palisade Wall |
| 11:22 | Construir | Palisade Wall |
| 11:42 | Construir | Palisade Wall |
| 11:44 | Construir | Palisade Wall |
| 11:57 | Construir | Palisade Wall |
| 11:58 | Crear | Villager (Male) |
| 11:58 | Crear | Villager (Male) |
| 11:59 | Crear | Villager (Male) |
| 12:28 | Edad | Edad Feudal |
| 12:30 | Construir | Palisade Wall |
| 12:35 | Investigar | Double-Bit Axe |
| 12:39 | Investigar | Horse Collar |
| 13:43 | Construir | Mining Camp |
| 14:31 | Construir | Farm |
| 14:31 | Construir | Farm |
| 15:14 | Construir | Mining Camp |
| 15:27 | Crear | Villager (Male) |
| 15:27 | Crear | Villager (Male) |
| 15:28 | Crear | Villager (Male) |
| 15:29 | Crear | Villager (Male) |
| 15:29 | Crear | Villager (Male) |
| 15:30 | Crear | Villager (Male) |
| 15:30 | Crear | Villager (Male) |
| 15:31 | Crear | Villager (Male) |
| 15:32 | Crear | Villager (Male) |
| 15:32 | Crear | Villager (Male) |
| 15:52 | Construir | Farm |
| 15:52 | Construir | Farm |
| 15:53 | Construir | Farm |
| 15:55 | Construir | Farm |
| 15:56 | Construir | Farm |
| 15:56 | Construir | Farm |
| 16:00 | Construir | Farm |
| 17:47 | Construir | Town Center |
| 18:49 | Crear | Villager (Male) |
| 18:49 | Crear | Villager (Male) |
| 18:49 | Crear | Villager (Male) |
| 20:43 | Construir | Stone Wall |
| 21:48 | Construir | Stone Wall |
| 22:13 | Construir | Stone Wall |
| 22:30 | Construir | Stone Wall |
| 22:38 | Construir | Stone Wall |
| 23:18 | Construir | Stone Wall |
| 24:09 | Construir | Stone Wall |
| 25:03 | Construir | Mill |
| 25:12 | Construir | Farm |
| 25:12 | Construir | Farm |
| 25:16 | Construir | Farm |
| 25:31 | Construir | Town Center |
| 26:05 | Construir | Farm |
| 27:01 | Construir | Farm |
| 27:02 | Construir | Farm |
| 27:05 | Construir | Farm |
| 27:07 | Construir | Farm |
| 27:12 | Crear | Villager (Male) |
| 27:13 | Crear | Villager (Male) |
| 27:13 | Crear | Villager (Male) |
| 27:15 | Crear | Villager (Male) |
| 27:25 | Construir | Market |
| 27:33 | Construir | Stone Wall |
| 28:20 | Crear | Villager (Male) |
| 28:24 | Construir | Farm |
| 28:38 | Construir | Blacksmith |
| 28:50 | Construir | Mill |
| 29:01 | Crear | Villager (Male) |
| 29:01 | Crear | Villager (Male) |
| 29:39 | Construir | House |
| 29:43 | Construir | House |
| 29:52 | Construir | Farm |
| 29:56 | Construir | Farm |
| 30:10 | Crear | Villager (Male) |
| 30:10 | Crear | Villager (Male) |
| 30:19 | Construir | Farm |
| 30:44 | Investigar | Castle Age |
| 30:50 | Investigar | Stone Mining |
| 31:51 | Crear | Villager (Male) |
| 31:51 | Crear | Villager (Male) |
| 32:07 | Investigar | Gold Mining |
| 32:44 | Construir | Gate |
| 33:25 | Edad | Edad de los Castillos |
| 33:33 | Investigar | Bow Saw |
| 33:44 | Crear | Villager (Male) |
| 33:45 | Crear | Villager (Male) |
| 34:07 | Construir | Stone Wall |
| 34:24 | Construir | Gate |
| 34:35 | Construir | Town Center |
| 34:43 | Construir | Mining Camp |
| 34:50 | Construir | Mining Camp |
| 34:52 | Crear | Villager (Male) |
| 34:52 | Crear | Villager (Male) |
| 35:06 | Construir | Lumber Camp |
| 35:53 | Construir | Castle |
| 35:58 | Crear | Villager (Male) |
| 36:02 | Crear | Villager (Male) |
| 36:40 | Crear | Villager (Male) |
| 36:54 | Construir | Lumber Camp |
| 36:59 | Crear | Villager (Male) |
| 37:00 | Crear | Villager (Male) |
| 37:00 | Crear | Villager (Male) |
| 37:01 | Crear | Villager (Male) |
| 37:01 | Crear | Villager (Male) |
| 37:01 | Crear | Villager (Male) |
| 37:10 | Construir | Stone Wall |
| 37:13 | Construir | Stone Wall |
| 37:31 | Construir | Siege Workshop |
| 37:35 | Construir | Siege Workshop |
| 37:43 | Crear | Villager (Male) |
| 37:44 | Crear | Villager (Male) |
| 37:55 | Investigar | Stone Shaft Mining |
| 38:08 | Crear | Villager (Male) |
| 38:09 | Crear | Villager (Male) |
| 38:44 | Construir | House |
Build order — Mooshall
Primeras 150 de 190 acciones detectadas
| 0:11 | Construir | House |
| 0:13 | Construir | House |
| 0:25 | Crear | Villager (Male) |
| 0:25 | Crear | Villager (Male) |
| 0:25 | Crear | Villager (Male) |
| 0:25 | Crear | Villager (Male) |
| 0:27 | Investigar | Loom |
| 1:57 | Crear | Villager (Male) |
| 4:54 | Crear | Villager (Male) |
| 4:54 | Crear | Villager (Male) |
| 4:54 | Crear | Villager (Male) |
| 4:55 | Crear | Villager (Male) |
| 4:55 | Crear | Villager (Male) |
| 4:55 | Crear | Villager (Male) |
| 4:55 | Crear | Villager (Male) |
| 4:57 | Crear | Villager (Male) |
| 5:56 | Crear | Villager (Male) |
| 5:56 | Crear | Villager (Male) |
| 6:43 | Crear | Villager (Male) |
| 6:44 | Crear | Villager (Male) |
| 6:56 | Construir | House |
| 6:58 | Construir | House |
| 6:59 | Construir | House |
| 8:39 | Construir | Mill |
| 10:05 | Construir | Lumber Camp |
| 10:37 | Crear | Villager (Male) |
| 10:37 | Crear | Villager (Male) |
| 11:12 | Construir | House |
| 11:14 | Construir | House |
| 11:43 | Investigar | Feudal Age |
| 12:02 | Construir | Mining Camp |
| 12:29 | Construir | Barracks |
| 13:36 | Crear | Villager (Male) |
| 13:37 | Crear | Villager (Male) |
| 13:37 | Crear | Villager (Male) |
| 13:53 | Edad | Edad Feudal |
| 14:04 | Construir | Blacksmith |
| 14:55 | Construir | Archery Range |
| 15:58 | Crear | Archer |
| 15:58 | Crear | Archer |
| 15:58 | Crear | Archer |
| 15:58 | Crear | Archer |
| 16:07 | Crear | Villager (Male) |
| 16:07 | Crear | Villager (Male) |
| 16:08 | Crear | Villager (Male) |
| 16:21 | Investigar | Gold Mining |
| 16:22 | Investigar | Stone Mining |
| 16:31 | Investigar | Stone Mining |
| 16:38 | Investigar | Horse Collar |
| 18:09 | Construir | Farm |
| 18:13 | Construir | Farm |
| 20:22 | Construir | Farm |
| 20:23 | Construir | Farm |
| 20:25 | Construir | Farm |
| 20:26 | Construir | Farm |
| 20:28 | Construir | Farm |
| 20:29 | Construir | Farm |
| 20:38 | Crear | Villager (Male) |
| 20:38 | Crear | Villager (Male) |
| 21:05 | Construir | Farm |
| 21:07 | Construir | Farm |
| 21:20 | Construir | Mining Camp |
| 21:27 | Investigar | Castle Age |
| 21:31 | Crear | Archer |
| 21:31 | Crear | Archer |
| 21:32 | Crear | Archer |
| 21:32 | Crear | Archer |
| 21:34 | Crear | Archer |
| 21:36 | Crear | Archer |
| 21:37 | Crear | Archer |
| 22:36 | Construir | Farm |
| 23:25 | Crear | Eagle Scout |
| 23:26 | Crear | Eagle Scout |
| 23:26 | Crear | Eagle Scout |
| 23:26 | Crear | Eagle Scout |
| 23:26 | Crear | Eagle Scout |
| 23:27 | Crear | Eagle Scout |
| 23:27 | Crear | Eagle Scout |
| 23:37 | Investigar | Fletching |
| 23:43 | Crear | Villager (Male) |
| 23:44 | Crear | Villager (Male) |
| 23:45 | Crear | Villager (Male) |
| 24:07 | Edad | Edad de los Castillos |
| 25:24 | Investigar | Bodkin Arrow |
| 25:25 | Investigar | Forging |
| 25:25 | Investigar | Scale Mail Armor |
| 25:33 | Construir | House |
| 25:34 | Construir | House |
| 25:35 | Construir | House |
| 25:37 | Construir | House |
| 25:38 | Construir | House |
| 25:40 | Construir | House |
| 25:59 | Investigar | Town Watch |
| 26:45 | Construir | Siege Workshop |
| 26:54 | Investigar | Crossbowman (upgrade) |
| 27:05 | Investigar | Padded Archer Armor |
| 27:33 | Investigar | Squires |
| 27:43 | Construir | Farm |
| 27:53 | Crear | Battering Ram |
| 27:53 | Crear | Battering Ram |
| 27:53 | Crear | Battering Ram |
| 28:02 | Construir | Farm |
| 28:07 | Investigar | Double-Bit Axe |
| 28:14 | Crear | Eagle Scout |
| 28:14 | Crear | Eagle Scout |
| 28:24 | Investigar | Squires |
| 29:12 | Investigar | Iron Casting |
| 29:22 | Crear | Villager (Male) |
| 34:17 | Investigar | Eagle Warrior (upgrade) |
| 34:21 | Crear | Villager (Male) |
| 34:21 | Crear | Villager (Male) |
| 34:21 | Crear | Villager (Male) |
| 34:21 | Crear | Villager (Male) |
| 34:33 | Construir | Market |
| 35:07 | Construir | Castle |
| 35:27 | Construir | University |
| 35:41 | Crear | Eagle Scout |
| 35:41 | Crear | Eagle Scout |
| 35:41 | Crear | Eagle Scout |
| 35:41 | Crear | Eagle Scout |
| 35:42 | Crear | Eagle Scout |
| 35:42 | Crear | Eagle Scout |
| 35:43 | Crear | Eagle Scout |
| 35:44 | Crear | Eagle Scout |
| 35:44 | Crear | Eagle Scout |
| 35:44 | Crear | Eagle Scout |
| 35:44 | Crear | Eagle Scout |
| 35:46 | Crear | Eagle Scout |
| 35:46 | Crear | Eagle Scout |
| 36:14 | Construir | Watch Tower |
| 36:22 | Crear | Villager (Male) |
| 36:22 | Crear | Villager (Male) |
| 36:22 | Crear | Villager (Male) |
| 36:22 | Crear | Villager (Male) |
| 36:36 | Investigar | Murder Holes |
| 36:37 | Investigar | Ballistics |
| 37:47 | Construir | Lumber Camp |
| 37:50 | Investigar | Bow Saw |
| 38:17 | Crear | Plumed Archer |
| 38:17 | Crear | Plumed Archer |
| 38:17 | Crear | Plumed Archer |
| 38:18 | Crear | Plumed Archer |
| 38:19 | Crear | Plumed Archer |
| 38:19 | Crear | Plumed Archer |
| 38:19 | Crear | Plumed Archer |
| 38:28 | Construir | Farm |
| 39:56 | Crear | Villager (Male) |
| 39:56 | Crear | Villager (Male) |
| 39:57 | Investigar | Imperial Age |
| 40:13 | Crear | Trade Cart |
Build order — Cell-im
Primeras 150 de 180 acciones detectadas
| 0:02 | Construir | House |
| 0:04 | Construir | House |
| 0:10 | Crear | Villager (Male) ×4 |
| 2:16 | Crear | Villager (Male) |
| 2:45 | Crear | Villager (Male) |
| 3:07 | Construir | Lumber Camp |
| 3:19 | Crear | Villager (Male) |
| 3:29 | Construir | House |
| 3:31 | Construir | House |
| 3:50 | Crear | Villager (Male) |
| 4:00 | Construir | House |
| 4:04 | Construir | House |
| 4:06 | Construir | House |
| 4:31 | Construir | House |
| 4:50 | Construir | House |
| 5:18 | Crear | Villager (Male) |
| 5:19 | Crear | Villager (Male) |
| 5:24 | Construir | House |
| 5:43 | Construir | House |
| 5:49 | Crear | Villager (Male) |
| 6:13 | Construir | Palisade Wall |
| 6:22 | Construir | House |
| 6:44 | Construir | Palisade Wall |
| 6:48 | Crear | Villager (Male) |
| 7:19 | Crear | Villager (Male) |
| 7:20 | Crear | Villager (Male) |
| 8:04 | Construir | House |
| 8:30 | Construir | Palisade Wall |
| 8:37 | Investigar | Loom |
| 8:41 | Crear | Villager (Male) |
| 9:04 | Crear | Villager (Male) |
| 9:35 | Construir | Mining Camp |
| 10:39 | Construir | Mill |
| 11:07 | Investigar | Feudal Age |
| 12:22 | Construir | Barracks |
| 12:32 | Crear | Villager (Male) |
| 12:32 | Crear | Villager (Male) |
| 12:32 | Crear | Villager (Male) |
| 13:17 | Edad | Edad Feudal |
| 13:51 | Crear | Villager (Male) |
| 13:58 | Construir | House |
| 13:59 | Construir | House |
| 15:02 | Crear | Villager (Male) |
| 15:12 | Construir | Archery Range |
| 15:14 | Construir | House |
| 15:36 | Crear | Villager (Male) |
| 15:36 | Crear | Villager (Male) |
| 15:37 | Crear | Villager (Male) |
| 15:47 | Construir | Stone Wall |
| 15:50 | Construir | House |
| 16:04 | Investigar | Man-at-Arms (upgrade) |
| 16:29 | Construir | Stone Wall |
| 16:45 | Construir | Blacksmith |
| 16:52 | Construir | Stable |
| 17:02 | Crear | Villager (Male) |
| 17:43 | Construir | Market |
| 18:05 | Construir | Mining Camp |
| 18:27 | Construir | Stone Wall |
| 18:29 | Construir | Stone Wall |
| 18:38 | Construir | Mill |
| 18:41 | Crear | Villager (Male) |
| 18:42 | Crear | Villager (Male) |
| 18:44 | Crear | Villager (Male) |
| 18:45 | Crear | Villager (Male) |
| 19:04 | Crear | Archer |
| 19:04 | Crear | Archer |
| 19:04 | Crear | Archer |
| 19:04 | Crear | Archer |
| 19:35 | Construir | Farm |
| 19:49 | Construir | Stone Wall |
| 19:55 | Investigar | Fletching |
| 19:58 | Investigar | Padded Archer Armor |
| 20:03 | Construir | Farm |
| 20:14 | Construir | Lumber Camp |
| 20:56 | Crear | Archer |
| 21:00 | Crear | Villager (Male) |
| 21:00 | Crear | Villager (Male) |
| 21:00 | Crear | Villager (Male) |
| 21:00 | Crear | Villager (Male) |
| 21:32 | Construir | Farm |
| 21:53 | Construir | Farm |
| 22:02 | Investigar | Double-Bit Axe |
| 22:29 | Construir | Farm |
| 22:35 | Construir | Farm |
| 22:43 | Construir | Farm |
| 23:04 | Construir | Stable |
| 23:11 | Investigar | Scale Barding Armor |
| 23:20 | Crear | Villager (Male) |
| 23:20 | Crear | Villager (Male) |
| 23:59 | Construir | Farm |
| 24:14 | Construir | Farm |
| 24:21 | Investigar | Castle Age |
| 24:26 | Crear | Archer |
| 24:27 | Crear | Archer |
| 24:28 | Crear | Archer |
| 24:42 | Construir | Gate |
| 24:54 | Construir | Stable |
| 25:17 | Construir | Archery Range |
| 26:05 | Construir | Farm |
| 26:08 | Construir | Farm |
| 26:11 | Construir | Farm |
| 26:20 | Construir | Farm |
| 26:30 | Construir | Farm |
| 26:41 | Construir | Farm |
| 26:50 | Investigar | Horse Collar |
| 27:01 | Edad | Edad de los Castillos |
| 27:07 | Investigar | Bloodlines |
| 27:14 | Crear | Unit 1944 ×3 |
| 27:14 | Crear | Unit 1944 ×3 |
| 27:22 | Crear | Villager (Male) |
| 27:22 | Crear | Villager (Male) |
| 27:23 | Crear | Villager (Male) |
| 27:29 | Investigar | Scale Barding Armor |
| 27:31 | Investigar | Fletching |
| 27:49 | Construir | Siege Workshop |
| 27:53 | Crear | Villager (Male) |
| 28:55 | Crear | Battering Ram |
| 28:55 | Crear | Battering Ram |
| 29:09 | Construir | Castle |
| 29:33 | Construir | University |
| 30:32 | Crear | Battering Ram |
| 30:32 | Crear | Battering Ram |
| 31:11 | Crear | Villager (Male) ×5 |
| 31:55 | Crear | Unit 1949 ×5 |
| 31:56 | Crear | Unit 1949 ×5 |
| 32:35 | Construir | Stable |
| 32:54 | Investigar | Crossbowman (upgrade) |
| 32:54 | Crear | Archer |
| 33:27 | Investigar | Husbandry |
| 33:32 | Construir | Archery Range |
| 33:55 | Construir | House |
| 33:58 | Construir | House |
| 34:10 | Investigar | Tech 1061 |
| 34:22 | Construir | Monastery |
| 34:36 | Crear | Villager (Male) |
| 34:36 | Crear | Villager (Male) |
| 34:36 | Crear | Villager (Male) |
| 34:36 | Crear | Villager (Male) |
| 34:49 | Crear | Unit 1944 |
| 34:49 | Crear | Unit 1944 |
| 34:49 | Crear | Unit 1944 |
| 35:18 | Investigar | Thumb Ring |
| 36:12 | Investigar | Chain Barding Armor |
| 36:39 | Crear | Unit 1952 ×5 |
| 36:45 | Investigar | Bow Saw |
| 36:58 | Construir | House |
| 37:02 | Construir | House |
| 37:15 | Crear | Unit 1949 ×3 |
| 39:14 | Construir | Castle |
| 39:23 | Crear | Unit 1952 ×5 |
Build order — Mlodov
Primeras 150 de 159 acciones detectadas
| 0:05 | Construir | House |
| 0:06 | Construir | House |
| 0:18 | Crear | Villager (Male) |
| 0:19 | Crear | Villager (Male) |
| 0:19 | Crear | Villager (Male) |
| 0:19 | Crear | Villager (Male) |
| 0:19 | Crear | Villager (Male) |
| 0:20 | Crear | Villager (Male) |
| 1:37 | Investigar | Loom |
| 2:43 | Crear | Villager (Male) |
| 2:44 | Crear | Villager (Male) |
| 2:44 | Crear | Villager (Male) |
| 2:44 | Crear | Villager (Male) |
| 2:44 | Crear | Villager (Male) |
| 3:15 | Crear | Villager (Male) |
| 3:27 | Construir | House |
| 4:08 | Crear | Villager (Male) |
| 4:09 | Crear | Villager (Male) |
| 4:09 | Crear | Villager (Male) |
| 4:09 | Crear | Villager (Male) |
| 4:27 | Construir | Mill |
| 5:35 | Construir | Lumber Camp |
| 6:25 | Crear | Villager (Male) |
| 6:25 | Crear | Villager (Male) |
| 6:26 | Crear | Villager (Male) |
| 6:29 | Crear | Villager (Male) |
| 6:29 | Crear | Villager (Male) |
| 7:07 | Crear | Villager (Male) |
| 7:07 | Crear | Villager (Male) |
| 8:06 | Construir | Mining Camp |
| 8:52 | Investigar | Feudal Age |
| 9:19 | Construir | Mining Camp |
| 10:53 | Construir | Donjon |
| 11:00 | Construir | House |
| 11:05 | Edad | Edad Feudal |
| 11:34 | Investigar | Wheelbarrow |
| 11:40 | Investigar | Double-Bit Axe |
| 12:18 | Construir | Blacksmith |
| 12:47 | Crear | Serjeant |
| 12:47 | Crear | Serjeant |
| 12:48 | Crear | Serjeant |
| 12:48 | Crear | Serjeant |
| 12:48 | Crear | Serjeant |
| 13:18 | Investigar | Town Watch |
| 13:41 | Construir | House |
| 14:06 | Construir | House |
| 14:23 | Construir | Archery Range |
| 15:37 | Crear | Villager (Male) |
| 15:37 | Crear | Villager (Male) |
| 15:38 | Crear | Villager (Male) |
| 17:05 | Construir | Donjon |
| 17:30 | Crear | Archer |
| 17:30 | Crear | Archer |
| 17:30 | Crear | Archer |
| 17:31 | Crear | Archer |
| 18:10 | Crear | Serjeant |
| 18:10 | Crear | Serjeant |
| 18:43 | Construir | Donjon |
| 20:36 | Construir | Donjon |
| 20:48 | Investigar | Fletching |
| 20:54 | Crear | Villager (Male) |
| 20:54 | Crear | Villager (Male) |
| 20:54 | Crear | Villager (Male) |
| 21:02 | Construir | House |
| 21:04 | Construir | House |
| 21:06 | Construir | House |
| 21:12 | Construir | Farm |
| 21:13 | Construir | Farm |
| 21:20 | Construir | Farm |
| 21:22 | Construir | Farm |
| 21:24 | Construir | Farm |
| 21:33 | Construir | Farm |
| 21:34 | Construir | Farm |
| 21:35 | Construir | Farm |
| 21:37 | Construir | Farm |
| 21:52 | Construir | Market |
| 25:05 | Crear | Archer |
| 25:05 | Crear | Archer |
| 25:05 | Crear | Archer |
| 25:06 | Crear | Archer |
| 25:06 | Crear | Archer |
| 25:23 | Investigar | Horse Collar |
| 25:28 | Investigar | Forging |
| 25:36 | Crear | Villager (Male) |
| 25:36 | Crear | Villager (Male) |
| 25:36 | Crear | Villager (Male) |
| 25:37 | Crear | Villager (Male) |
| 25:37 | Crear | Villager (Male) |
| 26:29 | Construir | Donjon |
| 26:52 | Investigar | Stone Mining |
| 27:28 | Crear | Serjeant |
| 27:29 | Crear | Serjeant |
| 28:50 | Construir | Donjon |
| 28:53 | Crear | Spearman |
| 28:54 | Crear | Spearman |
| 28:58 | Crear | Spearman |
| 28:58 | Crear | Spearman |
| 28:58 | Crear | Spearman |
| 30:44 | Crear | Spearman |
| 30:44 | Crear | Spearman |
| 30:44 | Crear | Spearman |
| 31:43 | Crear | Serjeant |
| 31:43 | Crear | Serjeant |
| 31:43 | Crear | Serjeant |
| 31:44 | Crear | Serjeant |
| 31:54 | Investigar | Castle Age |
| 32:07 | Construir | Farm |
| 32:15 | Construir | Farm |
| 32:31 | Crear | Spearman |
| 32:32 | Crear | Spearman |
| 32:32 | Crear | Spearman |
| 32:32 | Crear | Spearman |
| 32:32 | Crear | Spearman |
| 32:32 | Crear | Spearman |
| 32:41 | Crear | Spearman |
| 34:34 | Edad | Edad de los Castillos |
| 34:35 | Crear | Archer |
| 34:35 | Crear | Archer |
| 34:35 | Crear | Archer |
| 34:35 | Crear | Archer |
| 34:45 | Construir | Castle |
| 34:55 | Construir | House |
| 34:57 | Construir | House |
| 35:30 | Construir | Mill |
| 35:39 | Construir | Farm |
| 35:42 | Construir | Farm |
| 35:46 | Construir | Farm |
| 35:47 | Construir | Farm |
| 35:50 | Construir | Farm |
| 35:52 | Construir | Farm |
| 36:02 | Crear | Serjeant |
| 36:03 | Crear | Serjeant |
| 36:03 | Crear | Serjeant |
| 36:16 | Investigar | Gold Mining |
| 36:24 | Investigar | Hand Cart |
| 36:36 | Construir | Stone Wall |
| 37:00 | Investigar | Caravan |
| 37:01 | Crear | Trade Cart |
| 37:07 | Crear | Trade Cart |
| 37:08 | Crear | Trade Cart |
| 37:08 | Crear | Trade Cart |
| 37:16 | Crear | Serjeant |
| 37:17 | Crear | Serjeant |
| 37:21 | Crear | Serjeant |
| 37:21 | Crear | Serjeant |
| 37:22 | Crear | Serjeant |
| 38:07 | Investigar | Pikeman (upgrade) |
| 38:09 | Crear | Spearman |
| 38:09 | Crear | Spearman |
| 38:09 | Crear | Spearman |
Cronología de la partida
| 6:13 | Cell-im · wall_segment Palisade Wall x18 |
| 6:44 | Cell-im · wall_segment Palisade Wall x17 |
| 8:30 | Cell-im · wall_segment Palisade Wall x26 |
| 10:53 | Mlodov · first_building Donjon |
| 10:53 | Sample · wall_segment Palisade Wall x16 |
| 11:03 | Sample · wall_segment Palisade Wall x14 |
| 11:05 | Mlodov · age_up feudal |
| 11:13 | Sample · wall_segment Palisade Wall x12 |
| 11:22 | Sample · wall_segment Palisade Wall x14 |
| 11:42 | Sample · wall_segment Palisade Wall x24 |
| 11:44 | Sample · wall_segment Palisade Wall x7 |
| 11:57 | Sample · wall_segment Palisade Wall x8 |
| 12:22 | Cell-im · first_building Barracks |
| 12:28 | Sample · age_up feudal |
| 12:29 | Mooshall · first_building Barracks |
| 12:30 | Sample · wall_segment Palisade Wall x14 |
| 13:17 | Cell-im · age_up feudal |
| 13:53 | Mooshall · age_up feudal |
| 14:23 | Mlodov · first_building Archery Range |
| 14:55 | Mooshall · first_building Archery Range |
| 15:12 | Cell-im · first_building Archery Range |
| 15:47 | Cell-im · wall_segment Stone Wall x19 |
| 16:29 | Cell-im · wall_segment Stone Wall x20 |
| 16:52 | Cell-im · first_building Stable |
| 18:27 | Cell-im · wall_segment Stone Wall x3 |
| 18:29 | Cell-im · wall_segment Stone Wall x9 |
| 19:49 | Cell-im · wall_segment Stone Wall x4 |
| 20:43 | Sample · wall_segment Stone Wall x27 |
| 21:29 | Cell-im · first_market_buy 100 food |
| 21:48 | Sample · wall_segment Stone Wall x1 |
| 22:13 | Sample · wall_segment Stone Wall x13 |
| 22:30 | Sample · wall_segment Stone Wall x17 |
| 22:38 | Sample · wall_segment Stone Wall x32 |
| 23:18 | Sample · wall_segment Stone Wall x1 |
| 24:07 | Mooshall · age_up castle |
| 24:09 | Sample · wall_segment Stone Wall x9 |
| 26:41 | Mlodov · first_market_sell 100 wood |
| 26:45 | Mooshall · first_building Siege Workshop |
| 27:01 | Cell-im · age_up castle |
| 27:33 | Sample · wall_segment Stone Wall x3 |
| 27:49 | Cell-im · first_building Siege Workshop |
| 29:09 | Cell-im · first_building Castle |
| 30:42 | Sample · first_market_sell 100 food |
| 33:25 | Sample · age_up castle |
| 34:07 | Sample · wall_segment Stone Wall x24 |
| 34:22 | Cell-im · first_building Monastery |
| 34:34 | Mlodov · age_up castle |
| 34:45 | Mlodov · first_building Castle |
| 35:07 | Mooshall · first_building Castle |
| 35:41 | Sample · first_market_buy 100 stone |
| 35:53 | Sample · first_building Castle |
| 36:29 | Mooshall · first_market_sell 100 wood |
| 36:36 | Mlodov · wall_segment Stone Wall x12 |
| 37:10 | Sample · wall_segment Stone Wall x9 |
| 37:13 | Sample · wall_segment Stone Wall x9 |
| 37:31 | Sample · first_building Siege Workshop |
| 38:43 | Mlodov · first_building Stable |
| 39:31 | Sample · wall_segment Stone Wall x11 |
| 39:49 | Mlodov · first_market_buy 100 wood |
| 41:52 | Mooshall · tribute_sent a jugador 2 |
| 41:52 | Mooshall · tribute_sent a jugador 3 |
| 41:52 | Mooshall · tribute_sent a jugador 4 |
| 43:56 | Mooshall · age_up imperial |
| 44:36 | Mlodov · tribute_sent a jugador 1 |
| 44:36 | Mlodov · tribute_sent a jugador 2 |
| 44:36 | Mlodov · tribute_sent a jugador 4 |
| 48:50 | Mlodov · resign |
[ ANÁLISIS IA · 1 CRÉDITO ]
¿Qué pasó realmente en esta partida?
Wolo.gg analiza cada decisión: build order, eco, micro, errores típicos por bracket. Análisis personalizado por WhatsApp o Discord en 30 segundos.
Guía civ
Teutones
Perfil
Jugador #428478